3L
PANAMA CITY PIRANHAS @ THUNDER BAY NORTHERN LIONS BC
09/01/2021
 
TOP OF THE 1ST
Panama City Piranhas batting - Pitching for Thunder Bay Northern Lions BC : RHP Christian Pitts
Pitching: RHP Christian Pitts
Batting: LHB Francisco Sánchez 0-0: Foul Ball, location: 2F
0-1: Called Strike
0-2: Foul Ball, location: 2F
0-2: Ball
1-2: Ball
2-2: Strikes out looking
Batting: LHB Melvin Castro 0-0: Foul Ball, location: 2F
0-1: Fly out, F8 (Line Drive, 8RD)
Batting: RHB Cliff Dixon 0-0: Ball
1-0: Foul Ball, location: 2F
1-1: Foul Ball, location: 2F
1-2: Fly out, F8 (Flyball, 8LXD)
Top of the 1st over - 0 run(s), 0 hit(s), 0 error(s), 0 left on base; Panama City 0 - Thunder Bay 0
BOTTOM OF THE 1ST
Thunder Bay Northern Lions BC batting - Pitching for Panama City Piranhas : LHP Pedro Alejándrez
Pitching: LHP Pedro Alejándrez
Batting: SHB Arnold Griffith 0-0: Ball
1-0: Ball
2-0: Swinging Strike
2-1: Ball
3-1: Ground out 4-3 (Groundball, 4)
Batting: RHB Keith Burnett 0-0: Ball
1-0: Called Strike
1-1: Ball
2-1: Foul Ball, location: 2F
2-2: Ball
3-2: Base on Balls
Batting: RHB Brent Barlow 0-0: SINGLE (Line Drive, 9S)
Keith Burnett to second
Batting: RHB Jonathan Cook 0-0: Called Strike
0-1: Fly out, F3 (Line Drive, 3F)
0-1: Lined into DP, 3-6 (Line Drive, 3F)
Bottom of the 1st over - 0 run(s), 1 hit(s), 0 error(s), 1 left on base; Panama City 0 - Thunder Bay 0
TOP OF THE 2ND
Panama City Piranhas batting - Pitching for Thunder Bay Northern Lions BC : RHP Christian Pitts
Batting: SHB Marc Talamante 0-0: Called Strike
0-1: SINGLE (Line Drive, 34)
Batting: RHB Brad Perry 0-0: Foul Ball, location: 2F
0-1: Foul Ball, location: 2F
0-2: Strikes out looking
Batting: RHB Tim Barnes 0-0: SINGLE (Line Drive, 6MD)
Marc Talamante to second
Batting: RHB Fernando López 0-0: Called Strike
0-1: Grounds into double play, 6-4-3 (Groundball, 6)
Top of the 2nd over - 0 run(s), 2 hit(s), 0 error(s), 1 left on base; Panama City 0 - Thunder Bay 0
BOTTOM OF THE 2ND
Thunder Bay Northern Lions BC batting - Pitching for Panama City Piranhas : LHP Pedro Alejándrez
Batting: LHB John Brewer 0-0: Foul Ball, location: 2F
0-1: Ball
1-1: Foul Ball, location: 2F
1-2: Ball
2-2: Strikes out looking
Batting: RHB Robert O'Connor 0-0: Ball
1-0: Called Strike
1-1: Ball
2-1: Ball
3-1: Foul Ball, location: 2F
3-2: Foul Ball, location: 2F
3-2: Strikes out swinging
Batting: LHB Curtis Peters 0-0: Ground out 4-3 (Groundball, 4M)
Bottom of the 2nd over - 0 run(s), 0 hit(s), 0 error(s), 0 left on base; Panama City 0 - Thunder Bay 0
TOP OF THE 3RD
Panama City Piranhas batting - Pitching for Thunder Bay Northern Lions BC : RHP Christian Pitts
Batting: RHB Kyle Taylor 0-0: Foul Ball, location: 2F
0-1: Foul Ball, location: 2F
0-2: Strikes out swinging
Batting: LHB Arturo Guzmán 0-0: Ball
1-0: Ball
2-0: Ball
3-0: Called Strike
3-1: Base on Balls
Batting: LHB Francisco Sánchez 0-0: Ball
1-0: Foul Ball, location: 2F
1-1: Called Strike
1-2: Ball
2-2: Ball
3-2: SINGLE (Groundball, 34D)
Arturo Guzmán to second
Runner from 2nd tries for 3rd, SAFE, throw made to third
Francisco Sánchez to second
Batting: LHB Melvin Castro 0-0: Intentional Walk
Batting: RHB Cliff Dixon 0-0: Ball
1-0: Ball
2-0: Called Strike
2-1: Ball
3-1: Foul Ball, location: 2F
3-2: SINGLE (Line Drive, 56)
Arturo Guzmán scores
Francisco Sánchez to third
Melvin Castro to second
Batting: SHB Marc Talamante 0-0: Ball
1-0: Called Strike
1-1: SINGLE (Groundball, 4MD)
Francisco Sánchez scores
Melvin Castro to third
Cliff Dixon to second
Batting: RHB Brad Perry 0-0: Ball
1-0: Grounds into fielders choice 1-2 (Groundball, 15S)
Cliff Dixon to third
Marc Talamante to second
Batting: RHB Tim Barnes 0-0: Ball
1-0: Ball
2-0: Ball
3-0: Base on Balls
Cliff Dixon scores
Marc Talamante to third
Brad Perry to second
Batting: RHB Fernando López 0-0: DOUBLE (Popup, 4D)
Marc Talamante scores
Brad Perry scores
Tim Barnes to third
Runner from 3rd tries for Home, SAFE, no throw or cutoff
Batting: RHB Kyle Taylor 0-0: Called Strike
0-1: Ball
1-1: Called Strike
1-2: Ball
2-2: Ground out 6-3 (Groundball, 6)
Top of the 3rd over - 6 run(s), 4 hit(s), 0 error(s), 1 left on base; Panama City 6 - Thunder Bay 0
BOTTOM OF THE 3RD
Thunder Bay Northern Lions BC batting - Pitching for Panama City Piranhas : LHP Pedro Alejándrez
Batting: LHB Juan Durán 0-0: Ground out 4-3 (Groundball, 34S)
Batting: RHB Iván Vargas 0-0: Ball
1-0: Called Strike
1-1: Called Strike
1-2: Ground out 6-3 (Groundball, 6M)
Batting: SHB Arnold Griffith 0-0: Foul Ball, location: 2F
0-1: Ball
1-1: Ground out 4-3 (Groundball, 4)
Bottom of the 3rd over - 0 run(s), 0 hit(s), 0 error(s), 0 left on base; Panama City 6 - Thunder Bay 0
TOP OF THE 4TH
Panama City Piranhas batting - Pitching for Thunder Bay Northern Lions BC : RHP Christian Pitts
Batting: LHB Arturo Guzmán 0-0: Called Strike
0-1: Ball
1-1: Called Strike
1-2: Strikes out swinging
Batting: LHB Francisco Sánchez 0-0: TRIPLE (Line Drive, 9LS)
Batting: LHB Melvin Castro 0-0: Intentional Walk
Batting: RHB Cliff Dixon 0-0: Ball
1-0: Ball
2-0: Called Strike
2-1: Foul Ball, location: 2F
2-2: Ball
3-2: Fly out, F8 (Line Drive, 8RM)
Runner from 3rd tags up, SCORES, throw made
Batting: SHB Marc Talamante 0-0: Called Strike
0-1: Ball
1-1: Ball
2-1: Foul Ball, location: 2F
2-2: DOUBLE (Line Drive, 9LD)
Melvin Castro to third
Batting: RHB Brad Perry 0-0: Ball
1-0: Ball
2-0: Foul Ball, location: 2F
2-1: Fly out, F8 (Flyball, 89D)
Top of the 4th over - 1 run(s), 2 hit(s), 0 error(s), 2 left on base; Panama City 7 - Thunder Bay 0
BOTTOM OF THE 4TH
Thunder Bay Northern Lions BC batting - Pitching for Panama City Piranhas : LHP Pedro Alejándrez
Batting: RHB Keith Burnett 0-0: Foul Ball, location: 2F
0-1: Ball
1-1: Foul Ball, location: 2F
1-2: Foul Ball, location: 2F
1-2: Ground out 5-3 (Groundball, 56)
Batting: RHB Brent Barlow 0-0: Called Strike
0-1: Called Strike
0-2: Strikes out swinging
Batting: RHB Jonathan Cook 0-0: Swinging Strike
0-1: Foul Ball, location: 2F
0-2: Ball
1-2: SINGLE (Groundball, 6MD)
Batting: LHB John Brewer 0-0: Ball
1-0: Ball
2-0: Ball
3-0: Base on Balls
Jonathan Cook to second
Batting: RHB Robert O'Connor 0-0: Ball
1-0: Foul Ball, location: 2F
1-1: Foul Ball, location: 2F
1-2: Ball
2-2: Foul Ball, location: 2F
2-2: Fly out, F7 (Flyball, 78XD)
Bottom of the 4th over - 0 run(s), 1 hit(s), 0 error(s), 2 left on base; Panama City 7 - Thunder Bay 0
TOP OF THE 5TH
Panama City Piranhas batting - Pitching for Thunder Bay Northern Lions BC : RHP Christian Pitts
Batting: RHB Tim Barnes 0-0: Called Strike
0-1: Ball
1-1: Ball
2-1: Foul Ball, location: 2F
2-2: Strikes out swinging
Batting: RHB Fernando López 0-0: Called Strike
0-1: Called Strike
0-2: SINGLE (Line Drive, 6D)
Batting: RHB Kyle Taylor 0-0: Ball
1-0: Called Strike
1-1: Fly out, F5 (Popup, 5F)
Batting: LHB Arturo Guzmán 0-0: Swinging Strike
0-1: Swinging Strike
0-2: Ball
1-2: Strikes out swinging
Top of the 5th over - 0 run(s), 1 hit(s), 0 error(s), 1 left on base; Panama City 7 - Thunder Bay 0
BOTTOM OF THE 5TH
Thunder Bay Northern Lions BC batting - Pitching for Panama City Piranhas : LHP Pedro Alejándrez
Batting: LHB Curtis Peters 0-0: Called Strike
0-1: Called Strike
0-2: Foul Ball, location: 2F
0-2: Ball
1-2: Ball
2-2: Ground out 6-3 (Groundball, 6M)
Batting: LHB Juan Durán 0-0: Ball
1-0: Fly out, F8 (Flyball, 8LM)
Batting: RHB Iván Vargas 0-0: Foul Ball, location: 2F
0-1: Swinging Strike
0-2: Foul Ball, location: 2F
0-2: Ball
1-2: Ball
2-2: Fly out, F5 (Popup, 5S)
Bottom of the 5th over - 0 run(s), 0 hit(s), 0 error(s), 0 left on base; Panama City 7 - Thunder Bay 0
TOP OF THE 6TH
Panama City Piranhas batting - Pitching for Thunder Bay Northern Lions BC : RHP Christian Pitts
Pitching: RHP Reynaldo Díaz
Batting: LHB Francisco Sánchez 0-0: Foul Ball, location: 2F
0-1: Ball
1-1: Swinging Strike
1-2: Foul Ball, location: 2F
1-2: Ball
2-2: Ball
3-2: Base on Balls
Batting: LHB Melvin Castro 0-0: Called Strike
0-1: Ball
1-1: Grounds into double play, 4-6-3 (Groundball, 4)
Batting: RHB Cliff Dixon 0-0: Foul Ball, location: 2F
0-1: Ball
1-1: Swinging Strike
1-2: Foul Ball, location: 2F
1-2: Ball
2-2: Ball
3-2: SINGLE (Line Drive, 6MD)
Batting: SHB Marc Talamante 0-0: Ball
1-0: Fly out, F8 (Flyball, 8LD)
Top of the 6th over - 0 run(s), 1 hit(s), 0 error(s), 1 left on base; Panama City 7 - Thunder Bay 0
BOTTOM OF THE 6TH
Thunder Bay Northern Lions BC batting - Pitching for Panama City Piranhas : LHP Pedro Alejándrez
Batting: SHB Arnold Griffith 0-0: Called Strike
0-1: Fly out, F8 (Flyball, 8RD)
Batting: RHB Keith Burnett 0-0: Ball
1-0: Foul Ball, location: 2F
1-1: Swinging Strike
1-2: Foul Ball, location: 2F
1-2: Ground out U3 (Groundball, 3S)
Batting: RHB Brent Barlow 0-0: Ball
1-0: Swinging Strike
1-1: Ball
2-1: Fly out, F4 (Popup, 4)
Bottom of the 6th over - 0 run(s), 0 hit(s), 0 error(s), 0 left on base; Panama City 7 - Thunder Bay 0
TOP OF THE 7TH
Panama City Piranhas batting - Pitching for Thunder Bay Northern Lions BC : RHP Reynaldo Díaz
Batting: RHB Brad Perry 0-0: Called Strike
0-1: Ball
1-1: Fly out, F7 (Line Drive, 7S)
Batting: RHB Tim Barnes 0-0: Called Strike
0-1: Ball
1-1: Ball
2-1: Ball
3-1: Foul Ball, location: 2F
3-2: Foul Ball, location: 2F
3-2: Base on Balls
Batting: RHB Fernando López 0-0: Foul Ball, location: 2F
0-1: Ball
1-1: Fly out, F2 (Popup, 2R)
Batting: RHB Kyle Taylor 0-0: Foul Ball, location: 2F
0-1: Swinging Strike
0-2: Strikes out swinging
Top of the 7th over - 0 run(s), 0 hit(s), 0 error(s), 1 left on base; Panama City 7 - Thunder Bay 0
BOTTOM OF THE 7TH
Thunder Bay Northern Lions BC batting - Pitching for Panama City Piranhas : LHP Pedro Alejándrez
Batting: RHB Jonathan Cook 0-0: Ball
1-0: Foul Ball, location: 2F
1-1: Called Strike
1-2: Foul Ball, location: 2F
1-2: Ball
2-2: Strikes out looking
Batting: LHB John Brewer 0-0: Called Strike
0-1: Called Strike
0-2: Ball
1-2: Ball
2-2: Ground out U3 (Groundball, 3)
Batting: RHB Robert O'Connor 0-0: Swinging Strike
0-1: Foul Ball, location: 2F
0-2: Foul Ball, location: 2F
0-2: Ground out 6-3 (Groundball, 6)
Bottom of the 7th over - 0 run(s), 0 hit(s), 0 error(s), 0 left on base; Panama City 7 - Thunder Bay 0
TOP OF THE 8TH
Panama City Piranhas batting - Pitching for Thunder Bay Northern Lions BC : RHP Reynaldo Díaz
Batting: LHB Arturo Guzmán 0-0: Ball
1-0: Called Strike
1-1: Called Strike
1-2: Strikes out swinging
Batting: LHB Francisco Sánchez 0-0: Ball
1-0: Swinging Strike
1-1: Ball
2-1: Ball
3-1: Base on Balls
Batting: LHB Melvin Castro 0-0: 2-RUN HOME RUN (Flyball, 9LD), Distance : 337 ft
Batting: RHB Cliff Dixon 0-0: Ball
1-0: Ball
2-0: Called Strike
2-1: Fly out, F6 (Line Drive, 6)
Batting: SHB Marc Talamante 0-0: Called Strike
0-1: Foul Ball, location: 2F
0-2: Ball
1-2: Ball
2-2: TRIPLE (Flyball, 89XD)
Batting: RHB Brad Perry 0-0: Foul Ball, location: 2F
0-1: Ball
1-1: Fly out, F9 (Flyball, 9D)
Top of the 8th over - 2 run(s), 2 hit(s), 0 error(s), 1 left on base; Panama City 9 - Thunder Bay 0
BOTTOM OF THE 8TH
Thunder Bay Northern Lions BC batting - Pitching for Panama City Piranhas : LHP Pedro Alejándrez
Batting: LHB Curtis Peters 0-0: Ball
1-0: Foul Ball, location: 2F
1-1: Called Strike
1-2: Strikes out looking
Batting: LHB Juan Durán 0-0: Ball
1-0: Ball
2-0: Called Strike
2-1: Fly out, F8 (Flyball, 8LM)
Batting: RHB Iván Vargas 0-0: Foul Ball, location: 2F
0-1: Foul Ball, location: 2F
0-2: Foul Ball, location: 2F
0-2: SINGLE (Line Drive, 78M)
Batting: SHB Arnold Griffith 0-0: Called Strike
0-1: Called Strike
0-2: Ball
1-2: Ball
2-2: Foul Ball, location: 2F
2-2: Foul Ball, location: 2F
2-2: Ball
3-2: Foul Ball, location: 2F
3-2: Base on Balls
Iván Vargas to second
Pitching: RHP Dae Yi
Batting: RHB Keith Burnett 0-0: Reached on error, E5 (Groundball, 5S)
Iván Vargas to third
Arnold Griffith to second
Batting: RHB Brent Barlow 0-0: Called Strike
0-1: Ball
1-1: Foul Ball, location: 2F
1-2: Fly out, F9 (Flyball, 9LM)
Bottom of the 8th over - 0 run(s), 1 hit(s), 1 error(s), 3 left on base; Panama City 9 - Thunder Bay 0
TOP OF THE 9TH
Panama City Piranhas batting - Pitching for Thunder Bay Northern Lions BC : RHP Reynaldo Díaz
Pitching: RHP Esteban Costello
Batting: RHB Tim Barnes 0-0: Foul Ball, location: 2F
0-1: Swinging Strike
0-2: Strikes out swinging
Batting: RHB Fernando López 0-0: Swinging Strike
0-1: Foul Ball, location: 2F
0-2: Ball
1-2: Strikes out swinging
Batting: RHB Kyle Taylor 0-0: Ground out 4-3 (Groundball, 4M)
Top of the 9th over - 0 run(s), 0 hit(s), 0 error(s), 0 left on base; Panama City 9 - Thunder Bay 0
BOTTOM OF THE 9TH
Thunder Bay Northern Lions BC batting - Pitching for Panama City Piranhas : RHP Dae Yi
Batting: RHB Jonathan Cook 0-0: Ball
1-0: Fly out, F8 (Flyball, 8RXD)
Batting: LHB John Brewer 0-0: Called Strike
0-1: Fly out, F7 (Flyball, 78M)
Batting: RHB Robert O'Connor 0-0: Called Strike
0-1: Ball
1-1: Foul Ball, location: 2F
1-2: Ball
2-2: Ball
3-2: Foul Ball, location: 2F
3-2: Strikes out swinging
Bottom of the 9th over - 0 run(s), 0 hit(s), 0 error(s), 0 left on base; Panama City 9 - Thunder Bay 0
This league is powered by Out of the Park Baseball, the baseball management simulation game for PC, Mac and Linux
Friday, January 22nd, 2016 - OOTP Baseball 16.9 Build 39